 Dungeon Crawl Stone Soup version 0.24.0-1-gfbc8707 (webtiles) character file.

Game seed: 14123615662249864261, levelgen mode: deterministic

836398 Dharzhak the Minotaur Barricade (level 27, -11/273 HPs)
             Began as a Minotaur Fighter on Oct 27, 2019.
             Was the Champion of Jiyva.
             Killed from afar by an orb of fire (33 damage)
             ... with a fireball
             ... on level 5 of the Realm of Zot.
             The game lasted 06:28:49 (80864 turns).

Dharzhak the Minotaur Barricade (Minotaur Fighter) Turns: 80864, Time: 06:28:51

Health: -11/273    AC: 39    Str: 33    XL:     27
Magic:  30/30      EV: 30    Int: 14    God:    Jiyva [******]
Gold:   986        SH: 31    Dex: 27    Spells: 26/26 levels left

rFire    + . .     SeeInvis +   g - +9 broad axe (freeze)
rCold    + . .     Gourm    .   l - +1 large shield {reflect}
rNeg     + + +     Faith    .   u - +6 plate armour of Juvvoha {Regen+ Int+2 Slay+3 Stlth+}
rPois    .         Spirit   .   (helmet restricted)
rElec    +         Reflect  +   d - +2 cloak of the Thief {+Fog Slay-2 SInv Stlth+}
rCorr    +         Harm     .   y - +1 pair of gloves of Contentment {rElec Int+3 Dex+7}
MR       +++++     Clarity  +   m - +2 pair of boots {Fly} Stlth ++........Rnd*Tele +
                                K - amulet of the Four Winds {rN+ MR+++ Clar}
HPRegen  0.95/turn              F - ring of Division {rC+ rN++ MR- Str+3 Int+8}
MPRegen  0.22/turn              B - ring of Peace {*Drain +Inv rF+ MR+ Str+2}

@: about to teleport, marked, flying
A: retaliatory headbutt, hooves 1, horns 2, slimy green scales 1, yellow scales
1, berserk 1, deterioration 1, low mp 1, sense surroundings 1, electricity
resistance, teleportitis 1, gelatinous body 2, pseudopods 1, tendrils, jelly
absorbing missiles
}: 5/15 runes: decaying, serpentine, slimy, silver, abyssal
a: Request Jelly, Slimify, Cure Bad Mutation, Renounce Religion, Evoke Fog,
Evoke Invisibility, Stop Flying


You were on level 5 of the Realm of Zot.
You worshipped Jiyva.
Jiyva was exalted by your worship.
You were completely stuffed.

You visited 13 branches of the dungeon, and saw 59 of its levels.
You visited the Abyss 7 times.
You also visited: Trove and Ice Cave.

You collected 31177 gold pieces.
You spent 14316 gold pieces at shops.
You paid 15875 gold pieces to Gozag.

Inventory:

Hand Weapons
 g - a +9 broad axe of freezing (weapon)
 E - a +9 war axe of flaming
 W - the +9 hand axe "Foxkaw" {freeze, +Blink rPois}
   (You found it in a treasure trove)

   It has been specially enchanted to freeze those struck by it, causing extra
   injury to most foes and up to half again as much damage against particularly
   susceptible opponents.
   It can also slow down cold-blooded creatures.
   It protects you from poison.
   It lets you blink.
Missiles
 k - 34 boomerangs (quivered)
 s - 108 poisoned darts
 N - 3 boomerangs of dispersal
Armour
 d - the +2 cloak of the Thief (worn) {+Fog Slay-2 SInv Stlth+}
   (You bought it in a shop on level 15 of the Dungeon)

   It affects your accuracy and damage with ranged weapons and melee attacks
   (-2).
   It lets you see invisible.
   It makes you more stealthy.
 l - a +1 large shield of reflection (worn)
 m - a +2 pair of boots of flying (worn)
 u - the +6 plate armour of Juvvoha (worn) {Regen+ Int+2 Slay+3 Stlth+}
   (You bought it in a shop on level 1 of the Depths)

   It affects your intelligence (+2).
   It affects your accuracy and damage with ranged weapons and melee attacks
   (+3).
   It increases your rate of regeneration.
   It makes you more stealthy.
 y - the +1 pair of gloves of Contentment (worn) {rElec Int+3 Dex+7}
   (You bought it in a shop on level 1 of the Depths)

   It affects your intelligence (+3).
   It affects your dexterity (+7).
   It insulates you from electricity.
Jewellery
 o - the ring "Mahoiz" {rF+ Dex+3 SInv Stlth+}
   (You bought it in a shop on level 15 of the Dungeon)

   [ring of see invisible]

   It affects your dexterity (+3).
   It protects you from fire.
   It lets you see invisible.
   It makes you more stealthy.
 B - the ring of Peace (right hand) {*Drain +Inv rF+ MR+ Str+2}
   (You bought it in a shop on level 15 of the Dungeon)

   [ring of protection from magic]

   It affects your strength (+2).
   It protects you from fire.
   It affects your resistance to hostile enchantments.
   It lets you turn invisible.
   It causes draining when unequipped.
 F - the ring of Division (left hand) {rC+ rN++ MR- Str+3 Int+8}
   (You bought it in a shop on level 15 of the Dungeon)

   [ring of protection from cold]

   It affects your strength (+3).
   It affects your intelligence (+8).
   It protects you from cold.
   It greatly protects you from negative energy.
   It affects your resistance to hostile enchantments.
 K - the amulet of the Four Winds (around neck) {rN+ MR+++ Clar}
   (You bought it in a shop on level 15 of the Dungeon)

   [amulet of nothing]

   It protects you from negative energy.
   It affects your resistance to hostile enchantments.
   It protects you against confusion.
Wands
 b - a wand of digging (4)
 q - a wand of paralysis (25)
 w - a wand of acid (23)
 z - a wand of enslavement (20)
 I - a wand of scattershot (13)
 M - a wand of iceblast (82)
 P - a wand of disintegration (85)
 T - a wand of flame (127)
 X - a wand of clouds (11)
Scrolls
 c - 4 scrolls of silence
 i - 5 scrolls of summoning
 p - 8 scrolls of identify
 r - 4 scrolls of holy word
 t - 26 scrolls of teleportation
 v - 7 scrolls of fear
 A - 14 scrolls of magic mapping
 H - 7 scrolls of remove curse
 J - 8 scrolls of fog
 Q - 7 scrolls of blinking
Potions
 e - 5 potions of ambrosia
 h - 21 potions of curing
 n - 6 potions of cancellation
 x - 2 potions of agility
 C - a potion of heal wounds
 D - 5 potions of haste
 G - 4 potions of berserk rage
 U - 5 potions of invisibility
 V - 5 potions of might
 Y - 4 potions of mutation
 Z - 5 potions of resistance
Miscellaneous
 a - a box of beasts
 j - 4 phantom mirrors
 L - the horn of Geryon
 O - a lamp of fire
 R - a phial of floods
 S - a lightning rod (4/4)
Comestibles
 f - 73 rations


   Skills:
 O Level 27 Fighting
 O Level 27 Axes
 * Level 19.4 Throwing
 * Level 24.1 Armour
 * Level 20.3 Dodging
 + Level 6.1 Stealth
 O Level 27 Shields
 * Level 16.8 Evocations


You had 26 spell levels left.
You didn't know any spells.
Your spell library contained the following spells:

 Spells                   Type           Power        Failure   Level  Hunger
 Animate Skeleton         Necr           N/A          63%         1    ##.....
 Apportation              Tloc           #.....       63%         1    ##.....
 Beastly Appendage        Tmut           #.....       63%         1    ##.....
 Corona                   Hex            #......      63%         1    ##.....
 Magic Dart               Conj           #...         63%         1    ##.....
 Sandblast                Erth           #.....       63%         1    ##.....
 Shock                    Conj/Air       #...         63%         1    ##.....
 Sting                    Conj/Pois      #...         63%         1    ##.....
 Summon Butterflies       Summ           #.......     63%         1    ##.....
 Blink                    Tloc           N/A          77%         2    ###....
 Call Imp                 Summ           #.......     77%         2    ###....
 Corpse Rot               Necr           N/A          77%         2    ###....
 Ensorcelled Hibernation  Hex/Ice        #.....       77%         2    ###....
 Poisonous Vapours        Pois/Air       #.....       77%         2    ###....
 Searing Ray              Conj           #.....       77%         2    ###....
 Slow                     Hex            #.......     77%         2    ###....
 Song of Slaying          Chrm           #.......     77%         2    ###....
 Sticks to Snakes         Tmut           #.......     77%         2    ###....
 Sublimation of Blood     Necr           #.........   77%         2    ###....
 Confuse                  Hex            #.......     94%         3    ####...
 Conjure Flame            Conj/Fire      #.......     94%         3    ####...
 Dazzling Spray           Conj/Hex       #.....       94%         3    ####...
 Lesser Beckoning         Tloc           #.........   94%         3    ####...
 Mephitic Cloud           Conj/Pois/Air  #.......     94%         3    ####...
 Portal Projectile        Hex/Tloc       #.....       94%         3    ####...
 Regeneration             Chrm/Necr      #.........   94%         3    ####...
 Spectral Weapon          Hex/Chrm       #.......     94%         3    ####...
 Spider Form              Tmut/Pois      #.........   94%         3    ####...
 Static Discharge         Conj/Air       #.......     94%         3    ####...
 Tukima's Dance           Hex            #.......     94%         3    ####...
 Cause Fear               Hex            #.........   100%        4    #####..
 Force Lance              Conj/Tloc      #.......     100%        4    #####..
 Fulminant Prism          Conj/Hex       #.........   100%        4    #####..
 Ice Form                 Ice/Tmut       #.......     100%        4    #####..
 Iskenderun's Mystic Bla  Conj           #.......     100%        4    #####..
 Leda's Liquefaction      Hex/Erth       #.........   100%        4    #####..
 Olgreb's Toxic Radiance  Pois           #.......     100%        4    #####..
 Petrify                  Tmut/Erth      #.......     100%        4    #####..
 Sticky Flame             Conj/Fire      #.......     100%        4    #####..
 Agony                    Necr           #.......     100%        5    ######.
 Alistair's Intoxication  Tmut/Pois      #.......     100%        5    ######.
 Blade Hands              Tmut           #.........   100%        5    ######.
 Bolt of Draining         Conj/Necr      #.........   100%        5    ######.
 Bolt of Magma            Conj/Fire/Erth #.........   100%        5    ######.
 Borgnjor's Vile Clutch   Necr/Erth      #.........   100%        5    ######.
 Dispel Undead            Necr           #.......     100%        5    ######.
 Excruciating Wounds      Chrm/Necr      #.........   100%        5    ######.
 Irradiate                Conj/Tmut      #.........   100%        5    ######.
 Lightning Bolt           Conj/Air       #.........   100%        5    ######.
 Metabolic Englaciation   Hex/Ice        #.........   100%        5    ######.
 Silence                  Hex/Air        #.........   100%        5    ######.
 Venom Bolt               Conj/Pois      #.........   100%        5    ######.
 Yara's Violent Unravell  Hex/Tmut       #.........   100%        5    ######.
 Bolt of Cold             Conj/Ice       #.........   100%        6    #######
 Darkness                 Hex            #.........   100%        6    #######
 Death Channel            Necr           #.........   100%        6    #######
 Deflect Missiles         Chrm/Air       #.........   100%        6    #######
 Freezing Cloud           Conj/Ice/Air   #.........   100%        6    #######
 Hydra Form               Tmut           #.........   100%        6    #######
 Invisibility             Hex            #.......     100%        6    #######
 Ozocubu's Refrigeration  Ice            #.........   100%        6    #######
 Poison Arrow             Conj/Pois      #.........   100%        6    #######
 Shadow Creatures         Summ           N/A          100%        6    #######
 Simulacrum               Ice/Necr       #.........   100%        6    #######
 Statue Form              Tmut/Erth      #........    100%        6    #######
 Dragon Form              Tmut           #.........   100%        7    #######
 Haunt                    Necr/Summ      #.........   100%        7    #######
 Ring of Flames           Chrm/Fire      #.........   100%        7    #######
 Borgnjor's Revivificati  Necr           #.........   100%        8    #######
 Chain Lightning          Conj/Air       #.........   100%        8    #######
 Death's Door             Chrm/Necr      #.........   100%        8    #######
 Discord                  Hex            #.........   100%        8    #######
 Ignition                 Fire           #.........   100%        8    #######
 Infestation              Necr           #.........   100%        8    #######
 Lehudib's Crystal Spear  Conj/Erth      #.........   100%        8    #######
 Necromutation            Tmut/Necr      #.........   100%        8    #######
 Fire Storm               Conj/Fire      #.........   100%        9    #######
 Glaciate                 Conj/Ice       #.........   100%        9    #######
 Shatter                  Erth           #.........   100%        9    #######
 Tornado                  Air            #.........   100%        9    #######


Dungeon Overview and Level Annotations

Branches:
Dungeon (15/15)            Temple (1/1) D:5            Lair (6/6) D:8
  Swamp (4/4) Lair:3        Snake (4/4) Lair:4        Slime (5/5) Lair:6
    Orc (2/2) D:9             Elf (3/3) Orc:2        Vaults (5/5) D:13
  Crypt (3/3) Vaults:3       Tomb (0/3) Crypt:3      Depths (5/5) D:15
   Hell (visited)             Dis (0/7) Hell            Geh (0/7) Hell
    Coc (0/7) Hell            Tar (0/7) Hell            Zot (5/5) Depths:5
  IceCv (visited)

Altars:
Ashenzari
Cheibriados
Dithmenos
Elyvilon
Fedhas
Gozag
Hepliaklqana
Kikubaaqudgha
Makhleb
Nemelex Xobeh
Okawaru
Qazlal
Ru
Sif Muna
Trog
Uskayaw
Vehumet
Wu Jian
Xom
Yredelemnul
Zin
The Shining One
Beogh
Jiyva

Shops:
D:13 ?   D:15 =[[}[=[*[[==   Orc:2 (=(=   Elf:2 (?:?=   Snake:2 }   Snake:3 }
Snake:4 (:(:   Vaults:4 :   Vaults:5 }=:!   Depths:1 [   Depths:3 [

Portals:
Hell: Depths:1 Depths:2 Depths:3 Depths:4 Depths:5
Abyss: Depths:2 Depths:3 Depths:4
Pandemonium: Depths:3
Ziggurat: Depths:5

Annotations:
Slime:5 Royal Jelly


Innate Abilities, Weirdness & Mutations

You reflexively headbutt those who attack you in melee.
You have a pair of horns on your head.
You have large cloven feet.
You are partially covered in slimy green scales. (AC +2)
You are partially covered in yellow scales. (AC +2)
You tend to lose your temper in combat.
Your body sometimes deteriorates upon taking damage.
Your magical capacity is low. (-10% MP)
You passively map a small area around you.
You are resistant to electric shocks. (rElec)
You are occasionally teleported next to monsters.
Your pliable body absorbs attacks. (AC +2, EV +2)
Armour fits poorly on your pseudopods.
You are covered in slimy tendrils that may disarm your opponents.
You have a small jelly attached to you that may absorb incoming projectiles.


Message History

The orb of fire glows deep purple.
The fireball explodes!
The fireball engulfs you! You resist.
* * * LOW HITPOINT WARNING * * *
The fireball engulfs the orb of fire.
The orb of fire completely resists.
The fireball engulfs the orb of fire.
The orb of fire completely resists.
The fireball engulfs the orb of fire.
The orb of fire completely resists.
The orb of fire glows yellow.
The fireball explodes!
The fireball engulfs you!! You resist.
* * * LOW HITPOINT WARNING * * *
The fireball engulfs the orb of fire.
The orb of fire completely resists.
The fireball engulfs the orb of fire.
The orb of fire completely resists.
The fireball engulfs the orb of fire.
The orb of fire completely resists.
You feel much better.
The orb of fire glows bright magenta.
The bolt of fire hits you!! You resist.
* * * LOW HITPOINT WARNING * * *
A red draconian comes into view. It is wielding a -3 flail.
The orb of fire glows deep purple.
The fireball explodes!
The fireball engulfs you!! You resist.
You die...

▓▓▓▓...........
▓▓▓.....^........ ,
▓▓.^.......^...... ▓▓▓▓
▓................. ,
.^..▓ ▓.................
.....▓▓.................
....dX▓.................
,
d..Xp***................
*
.....X▓@°...............
*,
8X...▓▓.*...............
....▓ ▓.................
, ▓▓▓▓
#.................
##................
##▓..............
▓▓▓▓..^....^... ▓#
#▓▓▓▓▓▓▓▓▓▓▓##.. .###
###...............


You could see 4 orbs of fire, a Killer Klown, 2 draconians and 2 Orb Guardians.

Vanquished Creatures
  Khufu (Crypt:2)
  6 orbs of fire (Zot:5)
  4 juggernauts
  2 ancient liches
  The ghost of Netemen the Gnoll Aeon, a master GnFi of Cheibriados (Zot:1)
  Sojobo (Depths:2)
  A greater mummy (Crypt:2)
  Saint Roka (Crypt:2)
  Xtahua (Vaults:5)
  2 curse toes
  A Killer Klown (Zot:5)
  A caustic shrike (Depths:2)
  Geryon (Hell)
  10 golden dragons
  8 bone dragons
  4 profane servitors
  2 electric golems (Zot:5)
  8 liches
  26 tentacled monstrosities
  Jorgrun (Swamp:1)
  Rupert (Orc:2)
  2 hellephants (Abyss:5)
  4 deep elf blademasters
  20 Orb Guardians (Zot:5)
  A Hell Sentinel (Abyss:1)
  A deep elf master archer (Elf:3)
  4 titans (Vaults:5)
  10 quicksilver dragons
  8 ancient champions
  24 tentacled starspawn
  Kirke (Swamp:1)
  A storm dragon (shapeshifter) (Vaults:4)
  9 sphinxes
  2 thorn hunters (Abyss:4)
  10 death cobs
  18 shadow dragons
  Roxanne (Swamp:4)
  Agnes (Vaults:2)
  14 tengu reavers
  6 nagarajas (Snake:4)
  24 storm dragons
  5 revenants
  Donald (Snake:1)
  4 draconian monks
  7 frost giants
  The ghost of Ypsiuj the Thaumaturge, an adept GnSk of Makhleb (Swamp:1)
  A daeva (Abyss:2)
  An iron dragon (Vaults:5)
  14 vault wardens
  5 ghost moths
  3 draconian scorchers
  11 deep elf sorcerers
  A curse skull (Crypt:3)
  8 draconian knights
  An orc warlord (Vaults:3)
  11 fire giants
  A juggernaut zombie (Depths:4)
  14 draconian shifters
  Aizul (Swamp:1)
  2 cacodemons
  6 balrugs
  2 draconian annihilators (Zot:2)
  5 draconian stormcallers
  23 ironheart preservers
  6 deep elf elementalists
  3 ghouls (Crypt:3)
  7 reapers
  4 spriggan defenders
  38 very ugly things
  3 war gargoyles
  15 green draconians
  9 vampire knights
  6 deep elf annihilators
  22 stone giants
  10 black draconians
  7 deep elf demonologists
  2 lorocyprocas
  11 purple draconians
  7 dire elephants
  13 white draconians
  A dire elephant (shapeshifter) (Vaults:5)
  17 red draconians
  The ghost of Hiywul the Fighter, a journeyman MiHu of Trog (Lair:4)
  7 spark wasps
  12 yellow draconians
  7 blizzard demons
  9 eidola
  2 pearl dragon zombies (Crypt:1)
  2 crystal guardians (Abyss:5)
  A quicksilver dragon zombie (Abyss:5)
  A green death (Abyss:5)
  2 mummy priests (Crypt:3)
  Josephine (Swamp:1)
  A merfolk javelineer (Depths:4)
  11 deep elf death magi
  4 fire dragons
  17 ettins
  7 great orbs of eyes
  A merfolk impaler (Abyss:5)
  8 yaktaur captains
  12 jiangshi
  3 deep elf high priests (Elf:3)
  A hell beast (Depths:1)
  A kraken zombie (Hell)
  20 ogre magi
  6 spriggan air magi
  10 rakshasas
  3 ghost crabs
  6 ice dragons
  27 vault guards
  21 hydras
  4 shambling mangroves
  13 naga warriors
  A quicksilver dragon skeleton (Crypt:3)
  5 centaur warriors
  80 two-headed ogres
  10 anacondas
  9 alligators
  2 two-headed ogres (shapeshifter)
  A tengu warrior (Depths:3)
  15 deep troll earth magi
  9 death knights
  15 hell hogs
  5 vampire magi
  14 deep troll shamans
  4 orc high priests
  8 naga sharpshooters
  32 thrashing horrors
  66 large abominations
  3 shock serpents
  15 spriggan berserkers
  8 soul eaters
  11 spriggans
  17 sun demons
  22 deep elf knights
  25 wretched stars
  4 salamander mystics (Snake:4)
  A storm dragon zombie (Abyss:1)
  An iron troll (Depths:3)
  A spark wasp zombie (Depths:4)
  22 skeletal warriors
  2 sea snakes (shapeshifter)
  11 shadow wraiths
  23 hell knights
  2 storm dragon skeletons
  2 titan skeletons
  An iron giant zombie (Crypt:3)
  A deep troll (shapeshifter) (Depths:4)
  6 unseen horrors
  8 glowing orange brains
  6 sixfirhies
  13 spatial maelstroms
  8 naga ritualists
  8 wizards
  13 swamp dragons
  A death drake (Abyss:5)
  13 deep elf archers
  An obsidian statue (Depths:1)
  23 deep trolls
  A shadow demon (Abyss:4)
  2 swamp dragons (shapeshifter)
  11 ironbrand convokers
  A lindwurm (shapeshifter) (Depths:2)
  11 flayed ghosts
  6 harpies
  16 phantasmal warriors
  3 anaconda skeletons
  5 orc sorcerers
  An orange crystal statue (D:14)
  2 wolf spider zombies
  A harpy (shapeshifter) (Elf:3)
  73 deep elf magi
  A lindwurm (Lair:6)
  19 mana vipers
  23 orc knights
  22 necromancers
  6 wolf spiders
  A wolf spider (shapeshifter) (Vaults:5)
  A sphinx zombie (Vaults:2)
  A fire giant zombie (Hell)
  An orb spider (shapeshifter) (Abyss:1)
  A golden dragon skeleton (Abyss:5)
  3 frost giant zombies
  28 moths of wrath
  A cyclops (Vaults:1)
  103 ugly things
  11 salamanders
  A centaur zombie (D:15)
  2 water nymphs (Abyss:4)
  Joseph (D:7)
  23 worldbinders
  2 rust devils
  6 ice statues
  A fire giant skeleton (Depths:4)
  A shock serpent zombie (Hell)
  14 vault sentinels
  8 elephants
  36 black mambas
  An iron dragon skeleton (Crypt:1)
  2 guardian serpents (shapeshifter)
  10 guardian serpents
  15 naga magi
  3 molten gargoyles
  A water nymph (shapeshifter) (Depths:2)
  A black mamba (shapeshifter) (Vaults:5)
  A titan simulacrum (Abyss:2)
  21 spiny frogs
  An alligator snapping turtle zombie (Crypt:1)
  4 apis skeletons (Crypt:1)
  5 orange demons
  17 smoke demons
  2 gargoyles
  An eye of devastation (shapeshifter) (Depths:3)
  4 apocalypse crabs
  2 catoblepas zombies
  2 rime drakes
  A kobold demonologist (Depths:3)
  A dire elephant skeleton (Abyss:3)
  A spiny frog (shapeshifter) (Elf:3)
  2 hellions (Abyss:2)
  17 freezing wraiths
  7 efreet
  10 ice devils
  A demonic crawler (Abyss:2)
  7 komodo dragons
  27 yaktaurs
  A minotaur zombie (Crypt:3)
  4 tormentors
  3 guardian mummies (Crypt:3)
  A komodo dragon (shapeshifter) (Vaults:1)
  3 hellwings
  A purple draconian skeleton (Crypt:2)
  A black draconian skeleton (Crypt:2)
  2 tengu conjurers
  13 trolls
  18 ancient zymes
  A tengu simulacrum (Vaults:1)
  A green draconian skeleton (Crypt:2)
  5 red devils
  A harpy zombie (Crypt:3)
  2 queen bees (shapeshifter)
  11 tyrant leeches
  A death drake skeleton (Crypt:1)
  2 hydra zombies (Hell)
  3 polar bears
  25 hornets
  A wolf spider simulacrum (Crypt:1)
  2 meliai (shapeshifter) (Depths:2)
  45 slime creatures
  Grinder (D:6)
  A shadow dragon simulacrum (Crypt:2)
  A slime creature (shapeshifter) (Vaults:5)
  A raiju (shapeshifter) (Abyss:2)
  An ettin zombie (Abyss:2)
  3 hydra skeletons
  2 alligator zombies (Hell)
  A blink frog (shapeshifter) (Elf:3)
  29 blink frogs
  45 raiju
  A meliai zombie (D:14)
  A harpy skeleton (Abyss:2)
  A snapping turtle (shapeshifter) (D:14)
  2 fire giant simulacra
  2 stone giant simulacra
  10 bog bodies
  An ettin skeleton (Crypt:3)
  5 air elementals
  10 hippogriffs
  A shock serpent simulacrum (Crypt:3)
  43 small abominations
  5 shadows
  2 redbacks (shapeshifter)
  Eustachio (D:6)
  3 ice dragon skeletons
  A satyr skeleton (Crypt:1)
  4 flying skulls (Crypt:3)
  19 water elementals
  2 vampires
  13 ynoxinuls
  An elf simulacrum (Depths:4)
  3 wyverns
  5 basilisks
  23 fire elementals
  2 fire bats (Abyss:2)
  15 wraiths
  21 humans (D:13)
  6 golden eyes (Abyss:2)
  A steam dragon (Lair:6)
  47 yaks
  A hog (shapeshifter) (Vaults:3)
  A human (shapeshifter) (Depths:5)
  16 neqoxecs
  A black mamba skeleton (Crypt:1)
  27 vampire mosquitoes
  2 hogs (Swamp:1)
  9 chaos spawn
  4 insubstantial wisps (Swamp:1)
  11 spatial vortices
  13 swamp worms
  5 hungry ghosts
  56 nagas
  A two-headed ogre zombie (Crypt:3)
  7 wargs
  Edmund (D:6)
  A swamp worm (shapeshifter) (Vaults:5)
  6 acid dragons
  13 water moccasins
  An orb spider zombie (Crypt:2)
  An acid dragon (shapeshifter) (Elf:2)
  A hydra simulacrum (Crypt:2)
  29 orc warriors
  5 porcupines
  3 spiny frog zombies
  11 hell hounds
  10 sky beasts
  13 swamp drakes
  2 floating eyes
  A merfolk skeleton (Crypt:2)
  A snapping turtle zombie (Crypt:2)
  A spiny frog skeleton (Hell)
  A swamp dragon zombie (Hell)
  A manticore zombie (Abyss:5)
  A fire dragon simulacrum (Crypt:2)
  An ettin simulacrum (Vaults:3)
  A human zombie (Vaults:2)
  4 ice beasts
  3 black bears
  69 ogres
  2 phantoms
  A snapping turtle skeleton (Crypt:2)
  An elephant skeleton (Crypt:1)
  15 wolves
  7 boggarts
  A necrophage (Crypt:3)
  5 centaurs
  An orc skeleton (Vaults:2)
  14 crocodiles
  5 big kobolds
  An elf zombie (Elf:1)
  18 bullfrogs
  2 earth elementals (Elf:3)
  A cyclops skeleton (Crypt:1)
  A scorpion (D:14)
  4 killer bees (D:11)
  A manticore simulacrum (Crypt:1)
  An orc simulacrum (Vaults:2)
  11 wights
  A polar bear skeleton (Crypt:3)
  A wolf skeleton (Crypt:1)
  5 lava snakes (Lair:6)
  105 starcursed masses
  18 crimson imps
  A human simulacrum (Vaults:2)
  7 iron imps
  10 centaur skeletons
  6 hounds
  3 jellies
  3 bullfrog skeletons
  27 orc priests
  3 quasits
  22 orc wizards
  3 iguanas
  A human skeleton (Crypt:1)
  12 hell rats (Hell)
  3 lightning spires (Abyss:5)
  2 spriggan simulacra (IceCv)
  9 worker ants
  5 troll simulacra (IceCv)
  An ogre zombie (Crypt:2)
  An acid dragon zombie (Crypt:3)
  A demigod skeleton (Crypt:3)
  2 hound skeletons (D:8)
  2 mummies (Crypt:2)
  3 gnolls (D:3)
  11 adders
  3 ogre simulacra (IceCv)
  7 shadow imps
  19 white imps
  2 ufetubi (Abyss:2)
  4 oozes
  An adder zombie (D:8)
  2 adder skeletons
  3 dart slugs
  9 leopard geckos
  88 orcs
  5 ball pythons
  8 bats
  4 giant cockroaches
  6 goblins
  13 hobgoblins
  5 jackals
  7 quokkas
  A river rat zombie (Crypt:2)
  A ball python zombie (Crypt:2)
  3 frilled lizards
  23 kobolds
  A leopard gecko zombie (D:5)
  A quokka skeleton (D:7)
  8 rats
  4 fungi
  3 lurking horrors
  A plant (Lair:4)
  35 starspawn tentacles
  2 tentacles (Hell)
3386 creatures vanquished.

Vanquished Creatures (collateral kills)
  An ancient champion (Crypt:3)
  A revenant (Crypt:3)
  A wretched star (Abyss:5)
  A mana viper (Abyss:3)
  A tormentor (Abyss:3)
  A guardian mummy (Crypt:3)
6 creatures vanquished.

Vanquished Creatures (others)
  A draconian shifter (Zot:4)
  A cacodemon (Abyss:4)
  3 stone giants
  A yellow draconian (Zot:2)
  A vampire knight (Depths:4)
  2 green draconians
  2 great orbs of eyes (Abyss:3)
  7 yaktaur captains
  A great orb of eyes (shapeshifter) (Abyss:3)
  A centaur warrior (Vaults:2)
  23 dancing weapons
  A satyr (Abyss:4)
  A thrashing horror (Abyss:2)
  A naga sharpshooter (Snake:4)
  A deep elf knight (Elf:2)
  A quicksilver dragon simulacrum (Abyss:2)
  12 glowing orange brains
  3 deep elf archers
  A naga ritualist (Snake:4)
  3 shining eyes (Abyss:4)
  A deep elf mage (Elf:3)
  A worldbinder (Abyss:4)
  A cyclops (D:13)
  A guardian serpent (shapeshifter) (Abyss:3)
  An elephant (shapeshifter) (Abyss:3)
  A smoke demon (Abyss:1)
  A spiny frog (Swamp:1)
  17 yaktaurs
  An efreet (Abyss:5)
  An ice devil (Depths:1)
  An ancient zyme (Abyss:1)
  A pale draconian skeleton (Crypt:3)
  9 slime creatures (Abyss:4)
  A wind drake (shapeshifter) (Abyss:5)
  A tyrant leech (Swamp:2)
  3 raiju
  A blink frog (Abyss:3)
  6 small abominations (Abyss:4)
  A wraith (Crypt:2)
  2 ynoxinuls (Abyss:1)
  A fire bat (Abyss:2)
  A human (Swamp:1)
  5 golden eyes
  5 large abominations (Abyss:4)
  2 hell hounds
  A floating eye (Abyss:4)
  A starcursed mass (Abyss:2)
  10 eyes of draining
  3 centaurs
  A quasit (Abyss:1)
  2 iron imps
  116 jellies
  An orc wizard (Crypt:2)
  A white imp (Abyss:1)
  2 ufetubi
  A ball lightning (Zot:5)
  An orc (Orc:2)
  A lurking horror (Abyss:3)
  A macabre mass (Abyss:4)
  8 plants
  56 starspawn tentacles
  2 tentacles (Hell)
341 creatures vanquished.

Grand Total: 3733 creatures vanquished

Notes
Turn   | Place    | Note
-------+----------+-------------------------------------------
     0 | D:1      | Dharzhak the Minotaur Fighter began the quest for the Orb.
     0 | D:1      | Reached XP level 1. HP: 19/19 MP: 0/0
   135 | D:1      | Reached XP level 2. HP: 27/27 MP: 1/1
   537 | D:2      | Found a faded altar of an unknown god.
   550 | D:2      | Reached XP level 3. HP: 33/33 MP: 2/2
   940 | D:2      | Reached XP level 4. HP: 40/40 MP: 3/3
  1193 | D:2      | Reached skill level 1 in Dodging
  2115 | D:3      | Reached XP level 5. HP: 47/47 MP: 4/4
  2611 | D:4      | Reached skill level 5 in Shields
  2707 | D:4      | Reached XP level 6. HP: 53/53 MP: 5/5
  2756 | D:4      | Found a shattered altar of Ashenzari.
  2972 | D:4      | Reached skill level 1 in Throwing
  3255 | D:5      | Entered Level 5 of the Dungeon
  3255 | D:5      | Found a staircase to the Ecumenical Temple.
  3265 | D:5      | Reached skill level 5 in Axes
  3407 | D:5      | Noticed a sky beast
  3421 | D:5      | Killed a sky beast
  3421 | D:5      | Reached XP level 7. HP: 39/60 MP: 6/6
  3463 | Temple   | Entered the Ecumenical Temple
  3589 | Temple   | Became a worshipper of Gozag Ym Sagoz the Greedy
  4145 | D:5      | You fall into a shaft and drop 2 floors!
  4163 | D:7      | Reached skill level 5 in Armour
  4172 | D:7      | Reached skill level 5 in Fighting
  4732 | D:5      | Reached XP level 8. HP: 35/68 MP: 7/7
  5024 | D:6      | Noticed Eustachio
  5044 | D:6      | Killed Eustachio
  5126 | D:6      | Noticed Edmund
  5141 | D:6      | Killed Edmund
  5215 | D:6      | Noticed Grinder
  5238 | D:6      | Killed Grinder
  5265 | D:6      | Found a bloodstained altar of Trog.
  5516 | D:6      | Reached XP level 9. HP: 75/75 MP: 8/8
  5741 | D:7      | Noticed Joseph
  5768 | D:7      | Killed Joseph
  6257 | D:7      | Found a hazy altar of Hepliaklqana.
  6258 | D:7      | Found a shimmering altar of Xom.
  6259 | D:7      | Noticed a spectral ugly thing
  6749 | D:8      | Reached skill level 5 in Dodging
  6891 | D:8      | Noticed a two-headed ogre
  6895 | D:8      | Found a blossoming altar of Fedhas.
  6905 | D:8      | Killed a two-headed ogre
  6905 | D:8      | Reached skill level 10 in Axes
  6905 | D:8      | Reached skill level 5 in Throwing
  6905 | D:8      | Reached XP level 10. HP: 67/84 MP: 9/9
  7159 | D:8      | Found a staircase to the Lair.
  7557 | D:9      | Found a sacrificial altar of Ru.
  7763 | D:9      | Found a staircase to the Orcish Mines.
  7793 | D:9      | Found a roughly hewn altar of Beogh.
  8218 | D:9      | Found a shattered altar of Ashenzari.
  8225 | D:9      | Found a white marble altar of Elyvilon.
  8225 | D:9      | Found a shadowy altar of Dithmenos.
  8225 | D:9      | Found a glowing golden altar of the Shining One.
  8227 | D:9      | Found an ornate altar of the Wu Jian Council.
  8228 | D:9      | Found a burning altar of Makhleb.
  8230 | D:9      | Found a hide-covered altar of Uskayaw.
  8456 | D:9      | Got a blackened flail
  8658 | D:10     | Entered Level 10 of the Dungeon
  8704 | D:10     | Found a portal to a secret trove of treasure.
  8859 | D:10     | Found the brooch of Shielding {Reflect SH+8}
  9344 | D:11     | Noticed an eight-headed hydra
  9353 | D:11     | Killed a five-headed hydra
  9656 | D:11     | Noticed an eight-headed hydra
  9663 | D:11     | Killed a four-headed hydra
  9673 | D:11     | Killed an unseen horror
  9844 | D:11     | Identified the +4 flail of Acimec {venom, Dex+2} (You found
                  | it on level 9 of the Dungeon)
  9872 | D:11     | Reached XP level 11. HP: 83/93 MP: 10/10
 10003 | D:11     | Noticed a two-headed ogre
 10010 | D:11     | Killed a two-headed ogre
 10314 | D:12     | Noticed a green ugly thing
 10325 | D:12     | Killed a green ugly thing
 10511 | D:12     | Reached skill level 10 in Shields
 10535 | D:12     | Killed an unseen horror
 10994 | D:12     | Noticed a green ugly thing
 11003 | D:12     | Killed a green ugly thing
 11551 | D:13     | Paralysed by a hornet for 2 turns
 11564 | D:13     | Reached skill level 1 in Evocations
 11564 | D:13     | Reached XP level 12. HP: 25/103 MP: 11/11
 12354 | D:13     | Found a gate to the Vaults.
 12354 | D:13     | Noticed a vault guard
 12354 | D:13     | Noticed a vault guard
 12368 | D:13     | Killed a vault guard
 12368 | D:13     | Reached skill level 1 in Stealth
 12370 | D:13     | Killed a vault guard
 12436 | D:13     | Reached skill level 10 in Armour
 12576 | D:13     | Noticed a two-headed ogre
 12581 | D:13     | Killed a two-headed ogre
 12594 | D:13     | Found Fihuugg's Magic Scroll Emporium.
 12618 | D:13     | Bought a scroll of fear for 45 gold pieces
 12618 | D:13     | Bought a scroll of holy word for 97 gold pieces
 12618 | D:13     | Bought a scroll of fear for 45 gold pieces
 12618 | D:13     | Bought 3 scrolls of identify for 78 gold pieces
 12618 | D:13     | Bought a scroll of summoning for 123 gold pieces
 12618 | D:13     | Bought a scroll of identify for 26 gold pieces
 12620 | D:13     | Identified a scroll of acquirement
 12865 | D:14     | Found a frozen archway.
 12911 | IceCv    | Entered an ice cave
 13790 | IceCv    | Reached XP level 13. HP: 97/111 MP: 14/14
 15247 | D:14     | Got a translucent scale mail
 15358 | D:15     | Entered Level 15 of the Dungeon
 15420 | D:15     | Reached skill level 10 in Fighting
 15420 | D:15     | Reached skill level 15 in Axes
 16082 | D:15     | Found a sacrificial altar of Ru.
 16523 | D:15     | Identified the +7 scale mail of Absence {*Drain +Blink rC+
                  | Regen+} (You found it on level 14 of the Dungeon)
 16593 | D:15     | Reached XP level 14. HP: 114/122 MP: 16/16
 16604 | D:15     | Found a staircase to the Depths.
 17129 | Orc:1    | Entered Level 1 of the Orcish Mines
 17170 | Orc:1    | Noticed a stone giant
 17196 | Orc:1    | Killed a stone giant
 17514 | Orc:1    | You fall into a shaft and drop 1 floor!
 17514 | Orc:2    | Entered Level 2 of the Orcish Mines
 17522 | Orc:2    | Found a staircase to the Elven Halls.
 17588 | Orc:2    | Noticed Rupert
 17606 | Orc:2    | Reached skill level 5 in Evocations
 17618 | Orc:2    | Killed Rupert
 18236 | Orc:2    | Found Nouzydua's Weapon Shoppe.
 18236 | Orc:2    | Found Maijuoz's Jewellery Boutique.
 18237 | Orc:2    | Found Fasol's Antique Weapon Shop.
 18237 | Orc:2    | Found Byshrih's Jewellery Shoppe.
 18247 | Orc:2    | Bought an uncursed ring of see invisible for 180 gold
                  | pieces
 18248 | Orc:2    | Bought a +1 broad axe of freezing for 170 gold pieces
 18638 | Lair:1   | Entered Level 1 of the Lair of Beasts
 18669 | Lair:1   | You fall into a shaft and drop 1 floor!
 18832 | Lair:1   | Reached XP level 15. HP: 132/132 MP: 18/18
 20249 | Lair:3   | Found a staircase to the Swamp.
 21457 | Lair:4   | Found a staircase to the Snake Pit.
 21514 | Lair:4   | Found a runed translucent door.
 21515 | Lair:4   | Found a shimmering altar of Xom.
 21515 | Lair:4   | Noticed Hiywul's ghost (journeyman MiHu)
 21541 | Lair:4   | Killed Hiywul's ghost
 22399 | D:15     | Bought a scroll of enchant armour for 97 gold pieces
 22399 | D:15     | Bought a ration for 65 gold pieces
 22399 | D:15     | Bought a scroll of enchant weapon for 97 gold pieces
 22399 | D:15     | Bought a potion of curing for 39 gold pieces
 22421 | D:15     | Bought a glowing cloak for 240 gold pieces
 22421 | D:15     | Bought a pair of runed boots for 240 gold pieces
 22455 | D:15     | Bought the ring "Mahoiz" {rF+ Dex+3 SInv Stlth+} for 723
                  | gold pieces
 22473 | D:15     | Bought a glowing shield for 300 gold pieces
 22473 | D:15     | Bought a runed shield for 300 gold pieces
 22473 | D:15     | Bought a pair of embroidered gloves for 300 gold pieces
 23431 | Lair:6   | Entered Level 6 of the Lair of Beasts
 23769 | Lair:6   | Reached skill level 15 in Shields
 23890 | Lair:6   | Found a large runed translucent door.
 23892 | Lair:6   | Found a large runed translucent door.
 24375 | Lair:6   | Found a staircase to the Slime Pits.
 24376 | Lair:6   | Found a viscous altar of Jiyva.
 25104 | Swamp:1  | Entered Level 1 of the Swamp
 25104 | Swamp:1  | Noticed Aizul
 25122 | Swamp:1  | Killed Aizul
 25219 | Swamp:1  | Reached skill level 10 in Throwing
 25246 | Swamp:1  | Noticed Josephine
 25261 | Swamp:1  | Reached XP level 16. HP: 98/143 MP: 19/19
 25263 | Swamp:1  | Killed Josephine
 25377 | Swamp:1  | Reached skill level 10 in Dodging
 25498 | Swamp:1  | Noticed Kirke
 25501 | Swamp:1  | Found a sparkling altar of Nemelex Xobeh.
 25508 | Swamp:1  | Killed Kirke
 25650 | Swamp:1  | Found a runed translucent door.
 25650 | Swamp:1  | Noticed Ypsiuj's ghost (adept GnSk)
 25688 | Swamp:1  | Killed Ypsiuj's ghost
 25747 | Swamp:1  | Noticed Jorgrun
 25771 | Swamp:1  | Killed Jorgrun
 27726 | Swamp:4  | Entered Level 4 of the Swamp
 27839 | Swamp:4  | Identified Roxanne's Disquisition on Moulding
 27839 | Swamp:4  | Noticed Roxanne
 27902 | Swamp:4  | Killed Roxanne
 28369 | Swamp:4  | Reached XP level 17. HP: 90/152 MP: 21/21
 28644 | Swamp:4  | Got a decaying rune of Zot
 28873 | Snake:1  | Entered Level 1 of the Snake Pit
 29645 | Snake:1  | Noticed Donald
 29677 | Snake:1  | Killed Donald
 30023 | Snake:2  | Got a pitted spear
 30024 | Snake:2  | Identified the cursed +1 spear "Qimuashu" {drain, rN++ MR-
                  | Str+2 Dex+2} (You found it on level 2 of the Snake Pit)
 30099 | Snake:2  | Found Lesas's Gadget Emporium.
 30105 | Snake:2  | Bought a wand of iceblast (8) for 216 gold pieces
 30105 | Snake:2  | Bought a wand of iceblast (13) for 306 gold pieces
 30105 | Snake:2  | Bought a wand of clouds (4) for 432 gold pieces
 31118 | Snake:3  | Found Iseloh's Gadget Emporium.
 31125 | Snake:3  | Bought a wand of disintegration (12) for 224 gold pieces
 31125 | Snake:3  | Bought a wand of flame (12) for 98 gold pieces
 32139 | D:15     | Bought a wand of disintegration (16) for 360 gold pieces
 32139 | D:15     | Bought a wand of iceblast (4) for 144 gold pieces
 32139 | D:15     | Bought a wand of flame (15) for 153 gold pieces
 32412 | Snake:4  | Entered Level 4 of the Snake Pit
 32544 | Snake:4  | Found Gogoffo's Book Emporium.
 32548 | Snake:4  | Found Feshoif's Weapon Emporium.
 32549 | Snake:4  | Found Jusism's Book Emporium.
 32550 | Snake:4  | Found Zimaa's Antique Weapon Emporium.
 32807 | Snake:4  | Reached XP level 18. HP: 88/162 MP: 17/22
 32938 | Snake:4  | Reached skill level 15 in Fighting
 33305 | Snake:4  | Got a serpentine rune of Zot
 33897 | Depths:1 | Entered Level 1 of the Depths
 34317 | Depths:1 | Found Difef's Armour Emporium.
 34324 | Depths:1 | Bought the +1 pair of gloves of Contentment {rElec Int+3
                  | Dex+7} for 756 gold pieces
 35366 | Depths:1 | Found a gateway to Hell.
 35375 | Depths:1 | Reached XP level 19. HP: 171/172 MP: 24/24
 35993 | Depths:1 | Bought the +6 plate armour of Juvvoha {Regen+ Int+2 Slay+3
                  | Stlth+} for 1353 gold pieces
 36059 | Depths:2 | Got an ichor-stained falchion
 36060 | Depths:2 | Identified the +6 falchion of Buciciothe {venom, *Corrode
                  | +Fly rN+ Str+4} (You found it on level 2 of the Depths)
 36116 | Depths:2 | Noticed a golden dragon
 36130 | Depths:2 | Killed a golden dragon
 36282 | Depths:2 | Noticed a caustic shrike
 36296 | Depths:2 | Killed a caustic shrike
 36570 | Depths:2 | Noticed a lich
 36576 | Depths:2 | Killed a lich
 36712 | Depths:2 | Got a blackened plate armour
 36716 | Depths:2 | Got a twisted scimitar
 36721 | Depths:2 | Identified the +1 plate armour of Melancholy {MR+} (You
                  | found it on level 2 of the Depths)
 36722 | Depths:2 | Identified the +0 scimitar of Death's Door {slice, rElec
                  | MR+ Dex-4} (You found it on level 2 of the Depths)
 37036 | Depths:2 | Found the +8 Wrath of Trog {antimagic, *Rage}
 37311 | Depths:2 | Noticed Sojobo
 37343 | Depths:2 | Killed Sojobo
 38148 | Depths:2 | Identified the Guide on the Assistive Volcanoes
 38313 | Depths:2 | Found a one-way gate to the infinite horrors of the Abyss.
 38370 | Depths:3 | Noticed a lich
 38798 | Depths:3 | Reached XP level 20. HP: 143/182 MP: 25/25
 39182 | Depths:3 | Found a one-way gate leading to the halls of Pandemonium.
 39184 | Depths:3 | Noticed a juggernaut
 39184 | Depths:3 | Reached skill level 15 in Armour
 39194 | Depths:3 | Killed a juggernaut
 39275 | Depths:3 | Found a sparkling altar of Nemelex Xobeh.
 39713 | Depths:3 | Found Wesel's Antique Armour Shoppe.
 40022 | Depths:4 | Got a twisted plate armour
 40023 | Depths:4 | Identified the +8 plate armour of the Lair of Beasts {rCorr
                  | Str+6} (You found it on level 4 of the Depths)
 40026 | Depths:4 | You are sucked into a shaft and drop 1 floor!
 40026 | Depths:5 | Entered Level 5 of the Depths
 40106 | Depths:5 | Cast into level 2 of the Abyss (hell knight)
 40115 | Abyss:2  | Found a corrupted altar of Lugonu.
 40136 | Abyss:2  | Found a corrupted altar of Lugonu.
 40146 | Abyss:2  | Found a roughly hewn altar of Beogh.
 40423 | Depths:5 | Escaped the Abyss
 40482 | Depths:5 | Noticed a juggernaut
 40501 | Depths:5 | Killed a juggernaut
 40656 | Depths:4 | Reached skill level 10 in Evocations
 41053 | Depths:4 | Reached XP level 21. HP: 185/192 MP: 27/27
 41236 | Depths:4 | Noticed a golden dragon
 41490 | Depths:4 | Killed a golden dragon
 41991 | Depths:4 | Found Uposmuto's Food Emporium.
 41994 | Depths:4 | Bought a ration for 55 gold pieces
 41994 | Depths:4 | Bought a ration for 55 gold pieces
 41994 | Depths:4 | Bought a ration for 55 gold pieces
 41994 | Depths:4 | Bought a ration for 55 gold pieces
 41994 | Depths:4 | Bought a ration for 55 gold pieces
 41994 | Depths:4 | Bought a ration for 55 gold pieces
 41994 | Depths:4 | Bought a ration for 55 gold pieces
 41994 | Depths:4 | Bought a ration for 55 gold pieces
 41994 | Depths:4 | Bought a ration for 55 gold pieces
 41994 | Depths:4 | Bought a ration for 55 gold pieces
 41994 | Depths:4 | Bought a ration for 55 gold pieces
 41994 | Depths:4 | Bought a ration for 55 gold pieces
 42170 | Depths:5 | Found a gateway to a ziggurat.
 42247 | Depths:5 | Noticed a juggernaut
 42255 | Depths:5 | Killed a juggernaut
 42262 | Depths:5 | Noticed a golden dragon
 42278 | Depths:5 | Killed a golden dragon
 42580 | D:15     | Bought the ring of Peace {*Drain +Inv rF+ MR+ Str+2} for
                  | 669 gold pieces
 43200 | Depths:5 | Found a gate to the Realm of Zot.
 43376 | Depths:5 | Noticed a juggernaut
 43390 | Depths:5 | Killed a juggernaut
 43390 | Depths:5 | Reached XP level 22. HP: 164/203 MP: 28/28
 43821 | Elf:1    | Entered Level 1 of the Elven Halls
 44820 | Elf:1    | Identified the Reference Book on Stolen Souls
 45216 | Elf:2    | Found Mananawn's Magic Scroll Emporium.
 45302 | Elf:2    | Bought a scroll of blinking for 112 gold pieces
 45302 | Elf:2    | Bought a scroll of blinking for 112 gold pieces
 45302 | Elf:2    | Bought a scroll of silence for 112 gold pieces
 45302 | Elf:2    | Bought a scroll of fear for 52 gold pieces
 45404 | Elf:2    | Found Joocze's Book Shop.
 45405 | Elf:2    | Found Inolyagi's Jewellery Shoppe.
 45412 | Elf:2    | Found Vonop's Magic Scroll Shoppe.
 45423 | Elf:2    | Bought a scroll of enchant armour for 112 gold pieces
 45615 | Elf:2    | Found a runed translucent gate.
 45615 | Elf:2    | Found a runed translucent gate.
 45615 | Elf:2    | Found a runed translucent gate.
 45656 | Elf:2    | Found Ydgheimu's Weapon Shoppe.
 46235 | Elf:3    | Entered Level 3 of the Elven Halls
 47053 | Elf:3    | Cast into level 2 of the Abyss (a deep elf sorcerer)
 47249 | Abyss:2  | Paralysed by accursed screaming for 1 turns
 47257 | Abyss:2  | Paralysed by accursed screaming for 1 turns
 47393 | Elf:3    | Escaped the Abyss
 47705 | Elf:3    | Identified the cursed +2 hand axe of Nopetala {freeze,
                  | rElec rC+ MR+}
 48055 | Elf:3    | Identified the +0 robe of Wonder {rN+++ Str+7 Dex-5 Slay-6}
 48057 | Elf:3    | Reached XP level 23. HP: 213/213 MP: 30/30
 48403 | Elf:3    | Identified the +0 plate armour of the Eternal Void {MR+}
                  | (You found it on level 3 of the Elven Halls)
 48410 | Elf:3    | Identified the Reference Book on the Mountains
 48976 | Vaults:1 | Entered Level 1 of the Vaults
 51683 | Vaults:2 | Noticed Agnes
 51696 | Vaults:2 | Killed Agnes
 52197 | Vaults:2 | Found a shimmering blue altar of Sif Muna.
 52430 | Vaults:3 | Reached XP level 24. HP: 220/224 MP: 30/30
 52434 | Vaults:3 | Reached skill level 15 in Dodging
 52650 | Vaults:3 | Found a staircase to the Crypt.
 52746 | Vaults:3 | Cast into level 2 of the Abyss (a wizard)
 52765 | Abyss:2  | Got a smoking chain mail
 52786 | Abyss:2  | Found a corrupted altar of Lugonu.
 52877 | Abyss:2  | Found a basalt altar of Yredelemnul.
 52889 | Abyss:2  | Found a corrupted altar of Lugonu.
 53089 | Vaults:3 | Escaped the Abyss
 53103 | Vaults:3 | Identified the cursed +0 chain mail "Locick" {MR+ Slay+3
                  | Stlth+} (You found it on level 2 of the Abyss)
 53565 | Vaults:3 | Found a roughly hewn altar of Beogh.
 53713 | Vaults:3 | Found Icral's Food Shoppe.
 53750 | Vaults:3 | Bought a ration for 60 gold pieces
 53750 | Vaults:3 | Bought a ration for 60 gold pieces
 53750 | Vaults:3 | Bought a ration for 60 gold pieces
 53750 | Vaults:3 | Bought a ration for 60 gold pieces
 53750 | Vaults:3 | Bought a ration for 60 gold pieces
 53750 | Vaults:3 | Bought a ration for 60 gold pieces
 53750 | Vaults:3 | Bought a ration for 60 gold pieces
 53750 | Vaults:3 | Bought a ration for 60 gold pieces
 53750 | Vaults:3 | Bought a ration for 60 gold pieces
 53750 | Vaults:3 | Bought a ration for 60 gold pieces
 53750 | Vaults:3 | Bought a ration for 60 gold pieces
 54601 | Vaults:4 | Found Paucluro's Book Shop.
 55692 | Vaults:4 | Reached XP level 25. HP: 235/235 MP: 31/31
 55845 | Vaults:5 | Entered Level 5 of the Vaults
 56047 | Vaults:5 | Identified the +7 scimitar of Income {antimagic, Str+5
                  | Dex+4}
 56146 | Vaults:5 | Got a bloodstained plate armour
 56147 | Vaults:5 | Identified the +8 plate armour "Diniemm" {Dex+4} (You found
                  | it on level 5 of the Vaults)
 56282 | Vaults:5 | Identified the +4 whip "Hotat" {freeze, Dex+4 Stlth+} (You
                  | found it on level 5 of the Vaults)
 56384 | Vaults:5 | Noticed Xtahua
 56393 | Vaults:5 | Noticed an ancient lich
 56394 | Vaults:5 | Killed Xtahua
 56394 | Vaults:5 | Reached skill level 5 in Stealth
 56418 | Vaults:5 | Killed an ancient lich
 56424 | Vaults:5 | Identified the +4 great sword of Honour {pain, rF- rC+
                  | Str+3 Int+4}
 56738 | Vaults:5 | Identified Sif Muna's Catalogue of Lightness and Execration
 56952 | Vaults:5 | Reached skill level 15 in Throwing
 57168 | Vaults:5 | Found Vempat's Distillery.
 57249 | Vaults:5 | Bought a potion of curing for 69 gold pieces
 57249 | Vaults:5 | Bought 2 potions of cancellation for 368 gold pieces
 57249 | Vaults:5 | Bought a potion of resistance for 230 gold pieces
 57249 | Vaults:5 | Bought a potion of resistance for 230 gold pieces
 57249 | Vaults:5 | Bought a potion of might for 92 gold pieces
 57249 | Vaults:5 | Bought a potion of curing for 69 gold pieces
 57292 | Vaults:5 | Found Usallau's Jewellery Shoppe.
 57296 | Vaults:5 | Bought the ring of Hamm {rC+ rN+ Dex+3 Stlth+} for 672 gold
                  | pieces
 57310 | Vaults:5 | Found Ichol's Book Shoppe.
 57310 | Vaults:5 | Found Viuxoex's Gadget Shop.
 57330 | Vaults:5 | Reached XP level 26. HP: 84/246 MP: 31/31
 57535 | Vaults:5 | Got a silver rune of Zot
 57643 | Vaults:5 | Identified the +0 hand axe "Kios" {chop, rElec rPois
                  | Stlth-} (You found it on level 5 of the Vaults)
 58208 | D:15     | Bought the amulet of the Four Winds {rN+ MR+++ Clar} for
                  | 965 gold pieces
 58208 | D:15     | Found the amulet of the Four Winds {rN+ MR+++ Clar}
 58235 | D:15     | Bought a runed large shield for 232 gold pieces
 58256 | D:15     | Bought the ring of Division {rC+ rN++ MR- Str+3 Int+8} for
                  | 1412 gold pieces
 58667 | Lair:6   | Fell from the grace of Gozag
 58667 | Lair:6   | Became a worshipper of Jiyva Jupo the Shapeless
 60325 | Orc:1    | Reached * piety under Jiyva
 60405 | Orc:1    | Reached ** piety under Jiyva
 60691 | Elf:1    | Reached *** piety under Jiyva
 60820 | Elf:3    | Gained mutation: You have a small jelly attached to you
                  | that senses nearby items. [Jiyva's grace]
 60992 | Elf:3    | Reached **** piety under Jiyva
 61108 | Elf:3    | Reached ***** piety under Jiyva
 61112 | Elf:3    | Gained mutation: You are resistant to hostile enchantments.
                  | (MR+) [Jiyva's grace]
 61136 | Elf:3    | Gained mutation: Scrolls take you a little longer to read.
                  | [Jiyva's grace]
 61181 | Elf:3    | Reached ****** piety under Jiyva
 61196 | Elf:3    | Lost mutation: Scrolls take you a little longer to read.
                  | [Jiyva's grace]
 61239 | Elf:3    | Gained mutation: Your muscles are strong. (Str +2) [Jiyva's
                  | grace]
 61629 | Slime:1  | Entered Level 1 of the Pits of Slime
 62536 | Slime:5  | Entered Level 5 of the Pits of Slime
 62543 | Slime:5  | Gained mutation: Your muscles are very strong. (Str +4)
                  | [Jiyva's grace]
 62546 | Slime:5  | Gained mutation: Your body has grown golden eyes which may
                  | confuse attackers. (Acc +3) [Jiyva's grace]
 62548 | Slime:5  | Gained mutation: You have sharp toenails. [Jiyva's grace]
 62551 | Slime:5  | Found a viscous altar of Jiyva.
 62552 | Slime:5  | Noticed the Royal Jelly
 62558 | Slime:5  | Got a twitching granite ring
 62560 | Slime:5  | Got a fine golden ring
 62599 | Slime:5  | Got a slimy rune of Zot
 62611 | Slime:5  | Identified the ring of Cegraoso {*Tele MR+ SInv} (You found
                  | it on level 5 of the Pits of Slime)
 62612 | Slime:5  | Identified the ring "Hines" {Wiz +Fly MP+9 Dex+6} (You
                  | found it on level 5 of the Pits of Slime)
 62616 | Slime:5  | Got a sparkling lead ring
 62625 | Slime:5  | Got a transparent chain mail
 62626 | Slime:5  | Identified the cursed +1 chain mail "Imobi" {rPois rN+
                  | Slay+3} (You found it on level 5 of the Pits of Slime)
 62627 | Slime:5  | Identified the ring "Foakh" {*Tele MR+ Str+6} (You found it
                  | on level 5 of the Pits of Slime)
 62638 | Slime:5  | Got a smoking trident
 62639 | Slime:5  | Identified the +6 trident of Compulsion {venom, +Blink rF+
                  | rC+} (You found it on level 5 of the Pits of Slime)
 63050 | Lair:1   | Lost mutation: Your muscles are very strong. (Str +4)
                  | [Jiyva's grace]
 63643 | Depths:2 | Voluntarily entered the Abyss.
 63781 | Abyss:1  | Found a corrupted altar of Lugonu.
 63948 | Abyss:1  | Found a corrupted altar of Lugonu.
 64067 | Abyss:1  | Gained mutation: Your mind is acute. (Int +2) [Jiyva's
                  | grace]
 64156 | Abyss:2  | Found a corrupted altar of Lugonu.
 64624 | Abyss:2  | Found a corrupted altar of Lugonu.
 64644 | Abyss:2  | Gained mutation: You have a small jelly attached to you
                  | that may absorb incoming projectiles. [Jiyva's grace]
 64657 | Abyss:2  | Gained mutation: Your translucent skin slightly reduces
                  | your foes' accuracy. (Stealth) [Jiyva's grace]
 64969 | Abyss:3  | Gained mutation: Armour fits poorly on your strangely
                  | shaped body. [a neqoxec]
 64991 | Abyss:3  | Gained mutation: Your body sometimes deteriorates upon
                  | taking damage. [a neqoxec]
 65071 | Abyss:3  | Lost mutation: Your body sometimes deteriorates upon taking
                  | damage. [Jiyva's power]
 65102 | Abyss:3  | Gained mutation: You are frail. (-10% HP) [a neqoxec]
 65139 | Abyss:4  | Found a corrupted altar of Lugonu.
 65158 | Abyss:4  | Lost mutation: Armour fits poorly on your strangely shaped
                  | body. [Jiyva's power]
 65159 | Abyss:4  | Lost mutation: You are frail. (-10% HP) [Jiyva's power]
 65175 | Abyss:4  | Identified the +3 plate armour of the Bouncing Scars
                  | {*Corrode MR- Dex+4 SInv} (You found it on level 4 of the
                  | Abyss)
 65187 | Abyss:4  | Gained mutation: Your flesh is cold resistant. (rC+)
                  | [Jiyva's grace]
 65356 | Abyss:5  | Entered Level 5 of the Abyss
 65640 | Abyss:5  | Reached skill level 27 in Shields
 65782 | Abyss:5  | Found a huge runed translucent gate.
 65782 | Abyss:5  | Found a huge runed translucent gate.
 65783 | Abyss:5  | Found a huge runed translucent gate.
 65784 | Abyss:5  | Found a huge runed translucent gate.
 65785 | Abyss:5  | Found a huge runed translucent gate.
 65785 | Abyss:5  | Found a runed translucent door.
 65797 | Abyss:5  | Found a huge runed translucent gate.
 65829 | Abyss:5  | Reached XP level 27. HP: 232/258 MP: 32/32
 65840 | Abyss:5  | Found a corrupted altar of Lugonu.
 65840 | Abyss:5  | Found a runed translucent door.
 65851 | Abyss:5  | Found a huge runed translucent gate.
 65876 | Abyss:5  | Paralysed by accursed screaming for 1 turns
 65883 | Abyss:5  | Paralysed by accursed screaming for 2 turns
 65891 | Abyss:5  | Paralysed by accursed screaming for 2 turns
 65898 | Depths:2 | Escaped the Abyss
 65907 | Depths:2 | Lost mutation: Your body has grown golden eyes which may
                  | confuse attackers. (Acc +3) [Jiyva's grace]
 65959 | Depths:2 | Lost mutation: Your flesh is cold resistant. (rC+) [Jiyva's
                  | grace]
 65985 | Depths:2 | Voluntarily entered the Abyss.
 66004 | Abyss:1  | Paralysed by accursed screaming for 2 turns
 66009 | Abyss:1  | Paralysed by accursed screaming for 2 turns
 66067 | Depths:2 | Escaped the Abyss
 66100 | Depths:2 | Gained mutation: You are agile. (Dex +2) [Jiyva's grace]
 66318 | D:10     | You paid a toll of 7 potions of agility to enter a treasure
                  | trove
 66319 | Trove    | Entered a treasure trove
 66332 | Trove    | Got a jewelled hand axe
 66335 | Trove    | Identified the +9 hand axe "Foxkaw" {freeze, +Blink rPois}
                  | (You found it in a treasure trove)
 66338 | Trove    | Identified the +6 broad axe of Rubbish {chop, Int-2 Dex+6}
                  | (You found it in a treasure trove)
 66617 | Depths:2 | Voluntarily entered the Abyss.
 66648 | Abyss:1  | Lost mutation: Your mind is acute. (Int +2) [Jiyva's grace]
 66693 | Abyss:2  | Gained mutation: Armour fits poorly on your strangely
                  | shaped body. [a neqoxec]
 66694 | Abyss:2  | Lost mutation: You have a small jelly attached to you that
                  | senses nearby items. [a neqoxec]
 66699 | Abyss:2  | Gained mutation: You are dopey. (Int -2) [a neqoxec]
 66710 | Abyss:2  | Lost mutation: Your translucent skin slightly reduces your
                  | foes' accuracy. (Stealth) [potion of mutation]
 66710 | Abyss:2  | Lost mutation: You have sharp toenails. [potion of
                  | mutation]
 66710 | Abyss:2  | Lost mutation: You have a small jelly attached to you that
                  | may absorb incoming projectiles. [potion of mutation]
 66710 | Abyss:2  | Lost mutation: You are dopey. (Int -2) [potion of mutation]
 66710 | Abyss:2  | Gained mutation: Your spells are a little harder to cast,
                  | but a little more powerful. [potion of mutation]
 66710 | Abyss:2  | Gained mutation: You expend magic power (3 MP) to
                  | strengthen your wands. [potion of mutation]
 66711 | Abyss:2  | Lost mutation: You are agile. (Dex +2) [potion of mutation]
 66711 | Abyss:2  | Lost mutation: Armour fits poorly on your strangely shaped
                  | body. [potion of mutation]
 66711 | Abyss:2  | Lost mutation: You are resistant to hostile enchantments.
                  | (MR+) [potion of mutation]
 66711 | Abyss:2  | Gained mutation: Scrolls take you a little longer to read.
                  | [potion of mutation]
 66711 | Abyss:2  | Gained mutation: You have large cloven feet. [potion of
                  | mutation]
 66711 | Abyss:2  | Gained mutation: Your natural rate of healing is unusually
                  | fast. [potion of mutation]
 66721 | Abyss:2  | Found a shimmering blue altar of Sif Muna.
 67287 | Depths:2 | Escaped the Abyss
 67304 | Depths:2 | Voluntarily entered the Abyss.
 67382 | Abyss:1  | Found a corrupted altar of Lugonu.
 67941 | Abyss:3  | Gained mutation: You are covered in slimy tendrils that may
                  | disarm your opponents. [Jiyva's grace]
 67984 | Abyss:3  | Gained mutation: Your magical capacity is low. (-10% MP)
                  | [Jiyva's grace]
 67989 | Abyss:3  | Found a sparkling altar of Nemelex Xobeh.
 68073 | Abyss:3  | Found an ornate altar of the Wu Jian Council.
 68325 | Abyss:3  | Found a corrupted altar of Lugonu.
 68533 | Abyss:3  | Lost mutation: Scrolls take you a little longer to read.
                  | [Jiyva's power]
 68566 | Abyss:3  | Gained mutation: Your flesh is cold resistant. (rC+)
                  | [Jiyva's grace]
 68593 | Abyss:3  | Found a radiant altar of Vehumet.
 68751 | Abyss:4  | Lost mutation: You expend magic power (3 MP) to strengthen
                  | your wands. [Jiyva's grace]
 68944 | Abyss:5  | Entered Level 5 of the Abyss
 69094 | Abyss:5  | Paralysed by accursed screaming for 1 turns
 69158 | Abyss:5  | Gained mutation: You are clumsy. (Dex -2) [a neqoxec]
 69202 | Abyss:5  | Found a corrupted altar of Lugonu.
 69334 | Abyss:5  | Lost mutation: You are clumsy. (Dex -2) [Jiyva's power]
 69372 | Abyss:5  | Gained mutation: You are agile. (Dex +2) [Jiyva's grace]
 69385 | Abyss:5  | Got an abyssal rune of Zot
 69409 | Depths:2 | Escaped the Abyss
 70074 | Crypt:1  | Entered Level 1 of the Crypt
 70103 | Crypt:1  | Was forgiven by Gozag
 70734 | Crypt:1  | Found a basalt altar of Yredelemnul.
 70919 | Crypt:1  | Lost mutation: Your magical capacity is low. (-10% MP)
                  | [Jiyva's power]
 70944 | Crypt:1  | Gained mutation: You have a small jelly attached to you
                  | that senses nearby items. [Jiyva's grace]
 71196 | Crypt:2  | Gained mutation: Armour fits poorly on your strangely
                  | shaped body. [Jiyva's grace]
 71367 | Crypt:2  | Lost mutation: Armour fits poorly on your strangely shaped
                  | body. [Jiyva's power]
 71387 | Crypt:2  | Noticed Khufu
 71388 | Crypt:2  | Gained mutation: Your system is resistant to poisons.
                  | (rPois) [Jiyva's grace]
 71392 | Crypt:2  | Noticed a greater mummy
 71411 | Crypt:2  | Killed Khufu
 71417 | Crypt:2  | Killed a greater mummy
 71458 | Crypt:2  | Noticed Saint Roka
 71474 | Crypt:2  | Killed Saint Roka
 71525 | Crypt:2  | Gained mutation: Your spells are harder to cast, but more
                  | powerful. [Jiyva's grace]
 72107 | D:15     | Bought the +2 cloak of the Thief {+Fog Slay-2 SInv Stlth+}
                  | for 281 gold pieces
 72107 | D:15     | Found the +2 cloak of the Thief {+Fog Slay-2 SInv Stlth+}
 72215 | Vaults:1 | Lost mutation: You have large cloven feet. [Jiyva's grace]
 72320 | Crypt:3  | Entered Level 3 of the Crypt
 72411 | Crypt:3  | Found a staircase to the Tomb.
 72725 | Crypt:3  | Found an ancient bone altar of Kikubaaqudgha.
 72725 | Crypt:3  | Found a basalt altar of Yredelemnul.
 72858 | Crypt:3  | Lost mutation: Your spells are harder to cast, but more
                  | powerful. [Jiyva's grace]
 72896 | Crypt:3  | Gained mutation: Armour fits poorly on your pseudopods.
                  | [Jiyva's grace]
 72992 | Crypt:3  | Lost mutation: Your system is resistant to poisons. (rPois)
                  | [Jiyva's grace]
 73191 | Crypt:3  | Lost mutation: You are agile. (Dex +2) [Jiyva's grace]
 73568 | Hell     | Entered the Vestibule of Hell
 73576 | Hell     | Noticed Geryon
 73609 | Hell     | Gained mutation: Your rubbery body absorbs attacks. (AC +1,
                  | EV +1) [Jiyva's grace]
 73724 | Hell     | Killed Geryon
 73945 | Hell     | Reached skill level 27 in Axes
 73961 | Hell     | Gained mutation: You are partially covered in slimy green
                  | scales. (AC +2) [Jiyva's grace]
 74136 | Hell     | Gained mutation: Your muscles are very strong. (Str +4)
                  | [Jiyva's grace]
 74139 | Hell     | Gained mutation: Your mind is acute. (Int +2) [Jiyva's
                  | grace]
 74144 | Hell     | Lost mutation: Your flesh is cold resistant. (rC+) [Jiyva's
                  | grace]
 74172 | Hell     | Lost mutation: Your spells are a little harder to cast, but
                  | a little more powerful. [Jiyva's grace]
 74215 | Hell     | Found a gateway to the decaying netherworld of Tartarus.
 74296 | Hell     | Found a gateway to the ashen valley of Gehenna.
 74351 | Hell     | Found a gateway to the Iron City of Dis.
 74414 | Hell     | Found a gateway to the freezing wastes of Cocytus.
 74713 | Zot:1    | Entered Level 1 of the Realm of Zot
 74872 | Depths:5 | Gained mutation: You are covered in fur. (AC +1) [Jiyva's
                  | grace]
 75063 | Zot:1    | Found a transporter.
 75064 | Zot:1    | Noticed Netemen's ghost (master GnFi)
 75088 | Zot:1    | Identified the +12 halberd of Uncertain Death {chop, rF++
                  | rC- Int+2}
 75088 | Zot:1    | Identified the ring "Loahaapt" {MR+ Str+2 Int-4 Stlth-}
 75123 | Zot:1    | Lost mutation: You have a small jelly attached to you that
                  | senses nearby items. [Jiyva's grace]
 75304 | Zot:1    | Lost mutation: Your natural rate of healing is unusually
                  | fast. [Jiyva's grace]
 75507 | Zot:1    | Identified the ring "Iloar" {Ice Dex+4 SInv}
 75518 | Zot:1    | Found a transporter.
 75557 | Zot:1    | Reached skill level 27 in Fighting
 75579 | Zot:1    | Killed Netemen's ghost
 75579 | Zot:1    | Reached skill level 15 in Evocations
 75718 | Zot:1    | Gained mutation: You have a small jelly attached to you
                  | that may absorb incoming projectiles. [Jiyva's grace]
 76382 | Zot:2    | Lost mutation: Your mind is acute. (Int +2) [Jiyva's grace]
 76911 | Zot:2    | Gained mutation: You occasionally shout uncontrollably at
                  | your foes. [Jiyva's grace]
 77148 | Depths:5 | Lost mutation: Armour fits poorly on your pseudopods.
                  | [Jiyva's grace]
 77512 | Zot:2    | Lost mutation: You occasionally shout uncontrollably at
                  | your foes. [Jiyva's power]
 77841 | Zot:3    | Lost mutation: You are covered in fur. (AC +1) [Jiyva's
                  | grace]
 77891 | Zot:3    | Gained mutation: Armour fits poorly on your pseudopods.
                  | [Jiyva's grace]
 78730 | Zot:4    | Lost mutation: Your muscles are very strong. (Str +4)
                  | [Jiyva's grace]
 78757 | Zot:4    | Gained mutation: You passively map a small area around you.
                  | [Jiyva's grace]
 78844 | Zot:4    | Identified the +4 long sword of the Poles {freeze, rElec
                  | Str-5 Dex+4} (You found it on level 4 of the Realm of Zot)
 79299 | Zot:4    | Lost mutation: Your muscles are strong. (Str +2) [Jiyva's
                  | grace]
 79308 | Zot:4    | Gained mutation: Your pliable body absorbs attacks. (AC +2,
                  | EV +2) [Jiyva's grace]
 79510 | Zot:5    | Entered Level 5 of the Realm of Zot
 79783 | Zot:5    | Gained mutation: You are agile. (Dex +2) [Jiyva's grace]
 80098 | Zot:5    | Gained mutation: You are partially covered in yellow
                  | scales. (AC +2) [Jiyva's grace]
 80141 | Zot:5    | Noticed an orb of fire
 80153 | Zot:5    | Killed an orb of fire
 80198 | Zot:5    | Noticed an orb of fire
 80211 | Zot:5    | Gained mutation: You occasionally shout uncontrollably at
                  | your foes. [an orb of fire]
 80213 | Zot:5    | Killed an orb of fire
 80243 | Zot:5    | Noticed an orb of fire
 80254 | Zot:5    | Killed an orb of fire
 80262 | Zot:5    | Noticed an orb of fire
 80272 | Zot:5    | Gained mutation: Your body sometimes deteriorates upon
                  | taking damage. [an orb of fire]
 80273 | Zot:5    | Killed an orb of fire
 80534 | Zot:5    | Noticed an orb of fire
 80541 | Zot:5    | Gained mutation: Your body often deteriorates upon taking
                  | damage. [an orb of fire]
 80553 | Zot:5    | Killed an orb of fire
 80574 | Zot:5    | Noticed an ancient lich
 80588 | Zot:5    | Killed an ancient lich
 80594 | Zot:5    | Lost mutation: You occasionally shout uncontrollably at
                  | your foes. [Jiyva's power]
 80614 | Zot:5    | Lost mutation: Your body often deteriorates upon taking
                  | damage. [Jiyva's power]
 80822 | Zot:5    | Noticed an orb of fire
 80829 | Zot:5    | Gained mutation: You tend to lose your temper in combat.
                  | [an orb of fire]
 80839 | Zot:5    | Killed an orb of fire
 80840 | Zot:5    | Noticed an orb of fire
 80849 | Zot:5    | Gained mutation: You have large cloven feet. [an orb of
                  | fire]
 80850 | Zot:5    | Noticed an orb of fire
 80851 | Zot:5    | Noticed an orb of fire
 80851 | Zot:5    | Noticed an orb of fire
 80855 | Zot:5    | Gained mutation: Your magical capacity is low. (-10% MP)
                  | [an orb of fire]
 80856 | Zot:5    | Lost mutation: You are agile. (Dex +2) [an orb of fire]
 80858 | Zot:5    | Gained mutation: You are resistant to electric shocks.
                  | (rElec) [an orb of fire]
 80860 | Zot:5    | Gained mutation: You are occasionally teleported next to
                  | monsters. [an orb of fire]
 80864 | Zot:5    | Killed from afar by an orb of fire

Levels and vault maps discovered:
D:1:      saegor_arrival_simple_c, layout_rooms, minmay_close_crescents
D:2:      layout_loops_ring, chequers_ecumenical_altar_simple_redux,
          first_ration
D:3:      minmay_skewed_foursquare, layout_loops_ring
D:4:      layout_basic, evilmike_ruin_ashenzari
D:5:      layout_basic, temple_statues
D:6:      layout_loops_cross, bloody_trog, uniq_eustachio, uniq_edmund,
          uniq_grinder
D:7:      minmay_razor_zed, layout_basic, regret_index_temple_of_mockery,
          uniq_joseph
D:8:      layout_rooms, nicolae_overflow_hidden_temple,
          erik_lair_orcish_takeover
D:9:      layout_loops_corners, old_standard_altar, minitemple,
          minmay_orc_entry_temple_small, serial_rivers,
          chequers_serial_rivers_micro_b, chequers_serial_rivers_micro_b,
          chequers_serial_rivers_room_b, chequers_serial_rivers_marsh
D:10:     layout_long_grid, enter_trove_0, minmay_misc_feat_nine_boxes
D:11:     layout_roguey
D:12:     layout_loops_cross, blue_anna_alchemist [blue_anna_fruit_fields,
          blue_anna_fruit_fields]
D:13:     layout_loops_ring, grunt_vaults_entry_tiered, serial_shops, shop
D:14:     layout_gridville, portal_ice_cave_entry_animals_and_master,
          serial_bayou_lagoon_a, hangedman_decor_growths,
          minmay_protected_statue
D:15:     grunt_enter_depths_snipers, layout_long_grid,
          nicolae_ru_sacrificial_ziggurat
Temple:   jpeg_temple_clearing
Lair:1:   layout_cave_shapes, beast_lair_carwin_6, grunt_megastairs_1,
          infiniplex_staircase_pool
Lair:2:   layout_cave_pods, serial_bayou_shore_b, grunt_megastairs_3
Lair:3:   layout_cave_pods, minmay_swamp_entry_worms, grunt_megastairs_2,
          lemuel_fruit_tree
Lair:4:   layout_cave_pods, minmay_snake_entry_six_corridors, ebering_ghost_xom
Lair:5:   layout_gridlike, serial_bayou_crossing
Lair:6:   cheibrodos_lair_end_hotspot, layout_hall_layers, slime_altar_1
Swamp:1:  layout_basic_swamp, gammafunk_ghost_grave, nicolae_swamp_godswood,
          uniq_josephine, uniq_jorgrun, uniq_kirke, uniq_aizul
Swamp:2:  layout_basic_swamp, evilmike_swamp_ruin_house_4
Swamp:3:  layout_basic_swamp, evilmike_swamp_ruin_house_3
Swamp:4:  swamp_basic_johnstein, layout_basic_swamp, swamp_pool2, uniq_roxanne
Snake:1:  layout_honeycomb, uniq_donald
Snake:2:  layout_gridlike, serial_shops, nicolae_shop_crystal,
          serial_bayou_shore_b
Snake:3:  layout_grid_maze, serial_shops, shop, nrook_guardian_serpent_ordinary
Snake:4:  johnstein_snake_rune_scales, layout_misc_corridors,
          minmay_shop_grid_forest, drop_trap
Slime:1:  layout_caves
Slime:2:  layout_caves
Slime:3:  layout_caves, cheibrodos_slime_lost_civilization_7
Slime:4:  layout_caves
Slime:5
Orc:1:    layout_diamond_mine
Orc:2:    st_orc_ogre_mass, layout_caves, uniq_rupert
Elf:1:    eino_elf_arrival_customs, layout_rooms, minmay_elf_necromancy,
          minmay_misc_feat_ornament, st_stairs_1
Elf:2:    layout_gridlike, serial_shops, nicolae_shop_statue_plus, shop,
          nicolae_shop_stone, shop, shop_scrolls
Elf:3:    minmay_elf_hall_dome, layout_loops_corners
Vaults:1: vaults_mumra_lcd, ontoclasm_vaults_tryst, ontoclasm_vaults_chip,
          vaults_room_corners, vaults_room_door_hall,
          ontoclasm_vaults_misaligned, vaults_room_ringed_pool,
          nicolae_vaults_what_the_h, v_alt_pattern_4,
          vaults_room_grunt_arrival_ludios, vaults_dpeg_hooks,
          layout_vaults_chaotic_city
Vaults:2: hangedman_vaults_variations, nicolae_vaults_network_periphery,
          vaults_room_grid, nicolae_vaults_theta,
          nicolae_vaults_diagonal_hallway_8, vaults_mumra_chevron_long,
          hangedman_vaults_cutoff, vaults_room_corners, ontoclasm_vaults_spin,
          sword_in_stone, nicolae_vaults_gold_heap, nicolae_vaults_angled_halls,
          vaults_room_pool, ontoclasm_vaults_ligature, layout_vaults_ring,
          basic_altar
Vaults:3: nicolae_vaults_three_branches, minmay_crypt_entry_simple_sparse,
          nicolae_vaults_disjoint_gnomons, v_misc_3, v_misc_30,
          ontoclasm_vaults_bender, nicolae_vaults_little_squares_1, v_pattern_4,
          special_room_vaults [special_room_orc], layout_vaults_omnibox,
          serial_shops, shop
Vaults:4: vaults_room_stairs_pillars, v_misc_31, hangedman_vaults_river_flow,
          nicolae_vaults_inception_corners, v_rooms_4, hangedman_vaults_nails,
          hangedman_vaults_trim, nicolae_vaults_diagonal_hallway_6,
          ontoclasm_vaults_hangar, st_smaller_cells, vaults_dpeg_encased_lava,
          layout_vaults_maze_bifur, serial_shops, nicolae_shop_behind_doors
Vaults:5: serial_shops, uniq_xtahua
Crypt:1:  layout_rooms, hangedman_blasphemy
Crypt:2:  layout_catacombs, uniq_saint_roka, uniq_khufu
Crypt:3:  lightli_unholy_cathedral, layout_chaotic_city
Depths:1: layout_gridlike, serial_shops,
          nicolae_shop_temple_entry_statues_fountains,
          grunt_hell_entry_demonic_statue, roderic_lattice_a, kennysheep_path_1,
          minmay_fire_ice_demons
Depths:2: minmay_three_patterns, layout_cave_pools, hell_entry,
          serial_sigils_hangedman_gnaw, hangedman_abyss_entry_splay,
          minmay_guarded_unrand_wrath_of_trog, uniq_sojobo
Depths:3: minmay_dotted_concentric_squares, layout_basic, serial_bayou_shore_b,
          marbit_kobold_abyss_entry, pan_entry, pf_hell_entry_great_geh,
          serial_shops, kennysheep_little_box,
          nemelex_xobeh_ov_fountains_minmay, infiniplex_staircase_pool_1
Depths:4: wad_lake_hut, layout_gridville, abyss_entry, skrybe_limestone_x,
          hell_entry, serial_shops, kennysheep_mini,
          minmay_staircase_statues_hall_small
Depths:5: grunt_runaround [grunt_runaround_doors_1, grunt_runaround_doors_2,
          grunt_runaround_doors_3, grunt_runaround_doors_4,
          grunt_runaround_zot], hell_entry, serial_shops
Hell
Zot:1:    lemuel_firehouse, layout_onion, gammafunk_ghost_arena
Zot:2:    layout_gridlike
Zot:3:    layout_cathedral_of_symmetry
Zot:4:    layout_misc_corridors
Zot:5:    layout_twisted_circle, st_stairs_7, skrybe_zot_glass_3

Skill      XL: |  1  2  3  4  5  6  7  8  9 10 11 12 13 14 15 16 17 18 19 20 21 22 23 24 25 26 27 |
---------------+----------------------------------------------------------------------------------+-----
Fighting       | 4 5 6 7 8 9 10 11 13 14 15 16 17 18 19 20 21 22 23 27 | 27.0
Armour         | 4 5 6 7 8 9 10 11 12 13 14 15 16 17 18 24 | 24.1
Axes           | 3 4 6 8 10 11 13 14 15 16 17 18 19 20 21 22 23 24 27 | 27.0
Shields        | 4 5 6 8 9 10 12 13 14 15 17 18 19 21 22 23 24 25 26 27 | 27.0
Dodging        | 1 2 4 5 6 7 8 9 10 11 12 13 14 15 16 20 | 20.3
Throwing       | 2 3 5 6 7 8 9 10 11 12 13 14 15 19 | 19.4
Evocations     | 1 3 4 5 6 7 8 9 10 11 12 13 16 | 16.8
Stealth        | 1 2 3 4 5 6 |  6.1

Action                   |  1- 3 |  4- 6 |  7- 9 | 10-12 | 13-15 | 16-18 | 19-21 | 22-24 | 25-27 || total
-------------------------+-------+-------+-------+-------+-------+-------+-------+-------+-------++-------
Melee: War axe           |   105 |   132 |   256 |   453 |   809 |  1209 |   299 |    14 |       ||  3277
       Headbutt          |    13 |    30 |    37 |    89 |   176 |   355 |   376 |   445 |  1147 ||  2668
       Broad axe         |       |       |       |       |       |       |   716 |  1320 |  2884 ||  4920
       Pseudopods        |       |       |       |       |       |       |       |       |   392 ||   392
       Hand axe          |       |       |       |       |       |       |       |       |    82 ||    82
Throw: Dart              |       |     9 |    36 |    46 |    13 |    11 |    41 |    37 |    14 ||   207
       Boomerang         |       |    20 |    17 |       |    21 |       |       |       |    67 ||   125
Invok: Call Merchant     |       |       |       |       |     4 |     2 |     2 |       |     4 ||    12
       Request Jelly     |       |       |       |       |       |       |       |       |    21 ||    21
       Cure Bad Mutation |       |       |       |       |       |       |       |       |    14 ||    14
 Abil: Evoke Blink       |       |       |       |       |       |     1 |       |       |       ||     1
       Evoke Fog         |       |       |       |       |       |       |       |       |     1 ||     1
Evoke: Wand              |       |       |       |       |     3 |       |       |       |     4 ||     7
       Lamp of fire      |       |       |       |       |       |       |     1 |       |       ||     1
  Use: Scroll            |       |       |     5 |    28 |    18 |     6 |    10 |    13 |    25 ||   105
       Potion            |       |       |     1 |    12 |     1 |       |     2 |     4 |    16 ||    36
 Stab: Distracted        |       |       |     1 |     2 |    10 |    20 |    16 |    23 |    19 ||    91
       Sleeping          |       |       |       |       |       |     2 |       |       |       ||     2
       Confused          |       |       |       |       |       |       |       |       |     8 ||     8
  Eat: Chunk             |       |     7 |       |       |       |     1 |       |       |       ||     8
       Ration            |       |     1 |     3 |     7 |    11 |     9 |     8 |    12 |     4 ||    55
Armor: Scale mail        |    63 |    28 |       |       |    80 |   207 |     4 |       |       ||   382
       Chain mail        |       |    32 |    93 |   127 |       |       |       |       |       ||   252
       Plate armour      |       |       |       |    20 |    40 |       |   198 |   144 |   653 ||  1055
Dodge: Dodged            |    36 |    49 |    41 |    71 |   118 |   272 |   205 |   237 |  1419 ||  2448
Block: Shield            |    63 |    74 |    81 |       |       |       |       |       |       ||   218
       Large shield      |       |       |    74 |   511 |   913 |  1623 |  1297 |  1555 |  4025 ||  9998
       Reflection        |       |       |       |     8 |    25 |   127 |    93 |   137 |   104 ||   494
